 Dungeon Crawl Stone Soup version 0.31.0-12-g77e489cdc1 (webtiles) character file.

Game seed: 391759265861022592

18 hawla the Shield-Bearer (level 2, 0/26 HPs)
             Began as a Minotaur Fighter on Mar 1, 2024.
             Slain by Sigmund
             ... wielding a +0 scythe
              (5 damage)
             ... on level 2 of the Dungeon.
             The game lasted 00:00:53 (669 turns).

hawla the Shield-Bearer (Minotaur Fighter)           Turns: 669, Time: 00:00:53

Health: 0/26       AC:  6    Str: 20    XL:     2   Next: 48%
Magic:  1/1        EV:  9    Int:  5    God:
Gold:   70         SH:  4    Dex:  9    Spells: 1/1 levels left

rFire   . . .        a - +0 long sword
rCold   . . .        c - +0 buckler
rNeg    . . .        b - +0 scale mail
rPois   .            (helmet restricted)
rElec   .            (no cloak)
rCorr   .            (no gloves)
SInv    .            (no boots)
Will    .....        (no amulet) Stlth
                     (no ring)
HPRegen 0.24/turn    (no ring)
MPRegen 0.07/turn

%: no passive effects
@: mighty
A: horns 2, retaliatory headbutt
a: no special abilities


You were on level 2 of the Dungeon.
You visited 1 branch of the dungeon, and saw 2 of its levels.

You collected 70 gold pieces.

Inventory:

Hand Weapons
 a - a +0 long sword (weapon)
Missiles
 i - 6 atropa-tipped darts (quivered)
Armour
 b - a +0 scale mail (worn)
 c - a +0 buckler (worn)
Jewellery
 e - a ring of protection from cold
Scrolls
 f - a scroll of teleportation {unknown}
 h - a scroll of brand weapon {unknown}
 j - 2 scrolls of enchant weapon {unknown}
Potions
 g - a potion of degeneration {unknown}
 k - a potion of mutation {unknown}
 l - a potion of heal wounds {unknown}


   Skills:
 - Level 3.6 Fighting
 - Level 2.4 Long Blades
 - Level 3.6 Armour
 + Level 1.6 Dodging
 + Level 4.2 Shields


You had one spell level left.
You didn't know any spells.
Your spell library was empty.

Dungeon Overview and Level Annotations

Branches:
Dungeon (2/15)

Altars:

Annotations:
D:2 Sigmund


Innate Abilities, Weirdness & Mutations

You have a pair of horns on your head.
You reflexively headbutt those who attack you in melee.


Message History

Can't find anything matching that.
Search for what [Enter for "tif", or ? for help]? lad Search for what [Enter for "lad", or ? for help]? rmo Unknown command.
What level of the Dungeon? (default 1, ? - help)
There is a stone staircase leading down here.
You climb downwards.
Found 12 gold pieces.
Found an escape hatch in the ceiling.
There is a stone staircase leading up here.
Okay, then.
A rat comes into view.
The rat moves out of view.
Sigmund the Dreaded comes into view.
He is wielding a +0 scythe.
Found a scroll labelled ICIAMUNKIU.
Sigmund shouts!
Sigmund gestures at you while chanting. The magic dart hits you!
Sigmund gestures at you while chanting.
The puff of flame hits you but does no damage.
You closely miss Sigmund.
Sigmund gestures wildly while chanting.
Sigmund flickers and vanishes!
Deactivating autopickup; reactivate with Ctrl-A.
You miss something. You headbutt something! Something hits you.
You closely miss something. Your headbutt misses something.
Something completely misses you.
You closely miss something. The rat barely misses you.
You hit something. You headbutt something. Something hits you.
You block the rat's attack. The rat bites you but does no damage.
You barely miss something. Your headbutt misses something. Something hits you.
* * * LOW HITPOINT WARNING * * *
You block the rat's attack.
You hit something. Something hits you but does no damage.
The rat bites you but does no damage.
You feel very mighty all of a sudden. The rat bites you but does no damage.
Something hits you.
* * * LOW HITPOINT WARNING * * *
You barely miss something. Your headbutt misses something. The rat misses you.
Something hits you.
You die...

.... ##
...### ...
#.... ..
#..####.#
#..#<...#
#....#..<..#
##...# .####
#r#.# ..
#@#.# #.
#{#.. #
#.#.#.
#.#....
#.### .# ..#
.# ###


You could see a rat.

Vanquished Creatures
  A goblin (D:1)
  5 hobgoblins (D:1)
  4 jackals (D:1)
  A kobold (D:1)
  A quokka (D:1)
  A ball python (D:1)
  A rat (D:1)
14 creatures vanquished.

Notes
Turn   | Place    | Note
-------+----------+-------------------------------------------
     0 | D:1      | hawla the Minotaur Fighter began the quest for the Orb.
     0 | D:1      | Reached XP level 1. HP: 19/19 MP: 0/0
   137 | D:1      | Reached skill level 1 in Dodging
   144 | D:1      | Reached skill level 4 in Shields
   176 | D:1      | Reached XP level 2. HP: 25/26 MP: 1/1
   658 | D:2      | Noticed Sigmund
   669 | D:2      | Slain by Sigmund

Illustrated notes

Levels and vault maps discovered:
D:1:      tarquinn_simple_flora_water_e, layout_basic
D:2:      layout_basic, minmay_tall_x, uniq_natasha, uniq_sigmund

Skill      XL: |  1 |
---------------+----+-----
Dodging        | 1 |  1.6
Shields        | 4 |  4.2
Fighting       | |  3.6
Long Blades    | |  2.4
Armour         | |  3.6

Action                     || total
---------------------------++-------
  Melee: Long sword        ||    37
         Headbutt          ||     4
    Use: Potion            ||     1
 Armour: Scale mail        ||    23
  Dodge: Dodged            ||    21
  Block: Buckler           ||     9
